[Event "FIDE U16 Olympiad_boards_1-80"]
[Site "Eindhoven, Netherlands"]
[Date "2023.08.14"]
[Round "2.1"]
[White "Ansat, Aldiyar"]
[Black "Aswath, S"]
[Result "1/2-1/2"]
[TimeControl "2700+10"]
[WhiteElo "2370"]
[BlackElo "2229"]

1. Nf3 d5 2. g3 Nf6 3. Bg2 c5 4. O-O h6 5. c4 d4 6. b4 cxb4 7. a3 bxa3 8. Bxa3 Nc6 9. d3 e5 10.
Qa4 Bd7 11. Bxf8 Kxf8 12. Nbd2 g6 13. Nb3 Qe7 14. Qa3 Ng8 15. Nc5 Bc8 16. Rfb1 Kg7 17. Nxb7 Qxa3 18. Rxa3 Rb8 19. Rab3 Nge7 20.
Nd6 Rxb3 21. Rxb3 Bg4 22. Rb7 Rb8 23. Rxb8 Nxb8 24. Nxe5 Bxe2 25. f4 f6 26. Ne8+ Kh8 27. Nxf6 a5 28.
c5 a4 29. Nc4 Bxd3 30. Na3 Kg7 31.
Ng4 Na6 32. c6 Nb4 33. Ne5 Ba6 34.
Kf2 Kf6 35. Be4 g5 36. Nd7+ Ke6 37. f5+ Nxf5 38. Nc5+ Ke5 39. c7 Nd6 40. Bb7 Bxb7 41. Nxb7 Nc8 42. Nc5 Nd5 43. Nc4+ Kf5 44. Nxa4 Nxc7 45. Nc5 Ne6 46. Nd7 Ke4 47. Ke2 Kd5 48. Kd3 Nd6 49. Nf6+ Kc5 50. Ne5 Nf5 51. Ke4 Nd6+ 52.
Kd3 Nf5 53. Ke4 Nd6+ 1/2-1/2

[Event "FIDE U16 Olympiad_boards_1-80"]
[Site "Eindhoven, Netherlands"]
[Date "2023.08.14"]
[Round "2.2"]
[White "Adireddy, Arjun"]
[Black "Sapenov, Daniyal"]
[Result "0-1"]
[TimeControl "2700+10"]
[WhiteElo "1987"]
[BlackElo "2268"]

1. e4 c5 2. Nf3 d6 3. d4 cxd4 4. Nxd4 Nf6 5. Nc3 a6 6. h3 e6 7. g4 h6 8. Bg2 Be7 9. Be3 Nc6 10.
Qe2 Nxd4 11. Bxd4 e5 12. Be3 Be6 13. O-O-O Rc8 14. Nd5 Nxd5 15. exd5 Bd7 16. f4 exf4 17. Bxf4 O-O 18. Kb1 Bb5 19.
Qd2 Re8 20. Rde1 Qc7 21. Be4 Bh4 22. Re3 Qd8 23. Bf5 Rxe3 24. Qxe3 Bd7 25. Bxd7 Qxd7 26. Qd3 Re8 27. Rf1 Bf6 28.
c3 Be5 29. Bd2 b5 30. Re1 Rc8 31. Rc1 Rc4 32. b3 Rc8 33. c4 Re8 34. cxb5 axb5 35. Rc6 Qa7 36. Be3 Qa3 37. Bc1 Qa7 38.
Be3 Qa5 39. Bd2 Qa7 40. Be3 Qe7 41.
Bd4 Bxd4 42. Qxd4 Qe1+ 43. Rc1 Qe2 44. Rc2 Qf1+ 45. Kb2 Qxh3 46. Qb4 Qd3 47. Rd2 Qe3 48. Rd1 Rc8 49. Qd4 Qe2+ 50.
Rd2 Qf3 51. Rd3 Qe2+ 52. Rd2 Qe7 53.
Rd3 Qg5 54. Rc3 Re8 55. Rc2 Qe7 56. Rd2 Qb7 57. Rc2 Qa6 58. Rd2 Qa5 59. Rc2 b4 60. Rd2 Re5 61. Kb1 Re1+ 62. Rd1 Qc5 63.
Qd2 Rxd1+ 64. Qxd1 g6 65.
Qf3 Qd4 66. Qg2 Kg7 67. Qf3 Qd2 68. Qe4 h5 69. gxh5 gxh5 70. Qf5 Qe1+ 71. Kc2 Qe2+ 72. Kb1 Qd1+ 73. Kb2 Qd4+ 74. Kb1 Qg4 75. Qf2 h4 76. Qh2 h3 77.
Qb2+ Kh7 78. Qf2 Qh5 79. Kb2 h2 80. Qc2+ Kg7 81. Qg2+ Kf8 82. Qh1 Qh3 83. a4 bxa3+ 84. Kxa3 Qg3 85.
Qc1 Qg1 86. Qh6+ Kg8 87. Qh4 h1=Q 88. Qd8+ Kg7 89. Qxd6 Qa7+ 90. Kb4 Qe4+ 91. Kb5 Qb7+ 92. Ka5 Qexd5+ 0-1

[Event "FIDE U16 Olympiad_boards_1-80"]
[Site "Eindhoven, Netherlands"]
[Date "2023.08.14"]
[Round "2.3"]
[White "Mamedov, Edgar"]
[Black "Harsh, Suresh"]
[Result "1/2-1/2"]
[TimeControl "2700+10"]
[WhiteElo "2091"]
[BlackElo "2158"]

1. d4 Nf6 2. c4 e6 3. Nf3 Bb4+ 4. Bd2 a5 5. a3 Be7 6. Nc3 d5 7. Bf4 O-O 8. e3 Na6 9. Be2 dxc4 10.
Bxc4 c5 11. O-O Bd7 12. d5 exd5 13. Nxd5 Nxd5 14. Bxd5 Qc8 15. Ne5 Bf6 16. Nc4 Bc6 17. e4 Bxd5 18. Qxd5 Nc7 19. Qd3 Ra6 20.
Nd6 Qg4 21. Qg3 Qxg3 22. Bxg3 Bxb2 23. Rab1 Bxa3 24. Nc4 Bb4 25. Bxc7 b5 26. Nd6 Ra7 27. Bb6 Ra6 28. Bc7 Ra7 29.
Bb6 Ra6 30. Bc7 1/2-1/2

[Event "FIDE U16 Olympiad_boards_1-80"]
[Site "Eindhoven, Netherlands"]
[Date "2023.08.14"]
[Round "2.4"]
[White "Tejaswini, G"]
[Black "Nurmanova, Alua"]
[Result "0-1"]
[TimeControl "2700+10"]
[WhiteElo "1733"]
[BlackElo "2252"]

1. d4 Nf6 2. c4 g6 3. Nc3 Bg7 4. Nf3 d6 5. g3 O-O 6. Bg2 Nc6 7. O-O Bd7 8. e4 e5 9. d5 Nb8 10.
Be3 a5 11. c5 Ng4 12. cxd6 cxd6 13. Bg5 Nf6 14. Qb3 Na6 15. Be3 b5 16. Ne1 b4 17. Ne2 a4 18. Qd1 Rc8 19. f3 Qa5 20.
Qd2 Qb5 21. Nd3 Rc7 22. Rfc1 Rfc8 23. Bf1 Rxc1 24. Rxc1 Rxc1 25. Nexc1 Qb7 26. Bf2 Bb5 27. Be1 Qc7 28. Ne2 b3 29.
axb3 axb3 30. Nc3 Bc4 31. Nb1 Nd7 32. Na3 Bxd3 33. Bxd3 Nac5 34. Bb1 Nb6 35. Bf2 Nba4 36. Be3 Bf8 37.
Bd3 Nb6 38. Bb5 Nbd7 39. Bc6 Qb8 40.
Qc3 Be7 41. Nb5 Qc8 42. Qa5 Nf8 43. Qa7 Qd8 44. Bd2 Bg5 45. Qa5 Be3+ 46. Kg2 Qxa5 47. Bxa5 Nd3 48. Bc3 Bc5 49. Kf1 f5 50.
Ke2 Nc1+ 51. Kd1 Na2 52. Bd2 Nb4 53. Bxb4 Bxb4 54. Ke2 Kf7 55. Kd3 fxe4+ 56. fxe4 Bc5 57. Kc4 Ke7 58. Kxb3 Bg1 59. h3 h5 60. Nc3 Nh7 61. Ne2 Bf2 62. h4 Nf6 63. Kc4 Nxe4 64. b4 Nxg3 65. Nc3 Nf5 66. b5 Nxh4 67. Na4 Nf5 68. b6 Bxb6 69. Nxb6 h4 70. Ba4 h3 71. Bd1 Ne3+ 72. Kd3 Nxd1 73. Ke2 h2 0-1

[Event "FIDE U16 Olympiad_boards_1-80"]
[Site "Eindhoven, Netherlands"]
[Date "2023.08.14"]
[Round "2.5"]
[White "Asllani, Dorian"]
[Black "Xue, Haowen"]
[Result "0-1"]
[TimeControl "2700+10"]
[WhiteElo "2109"]
[BlackElo "2214"]

1. d4 Nf6 2. c4 e6 3. Nc3 d5 4. Nf3 Nbd7 5. e3 a6 6. a4 Bb4 7. Bd3 dxc4 8. Bxc4 b6 9. O-O Bb7 10.
Qe2 O-O 11. Rd1 Qe7 12. Bd2 c5 13. Rac1 Rfd8 14. Be1 cxd4 15. exd4 Nf8 16. Ne5 Ng6 17. Nxg6 hxg6 18. f3 Nd5 19.
Nxd5 Bxd5 20. Bf2 Bxc4 21. Qxc4 Rd5 22. Qc6 Qd8 23. Qb7 Rd7 24. Qc6 Rb8 25. Qc4 a5 26. Qc6 Rd5 27. Qc2 Bd6 28.
Qe2 Qd7 29. Rc4 b5 30. axb5 Rdxb5 31. Rd2 Qb7 32. Rcc2 Bb4 33.
Rd1 Bd6 34. Rdd2 Rd8 35. Qe4 Qb8 36. g3 Bb4 37. Rd1 Be7 38. Rdd2 Bg5 39. Re2 Bf6 40. Red2 Rb4 41. g4 g5 42.
h4 gxh4 43. f4 g6 44. Rc5 Rxb2 45. g5 Rxd2 46. gxf6 Qb2 47. Qe1 h3 48. Rg5 h2+ 0-1

[Event "FIDE U16 Olympiad_boards_1-80"]
[Site "Eindhoven, Netherlands"]
[Date "2023.08.14"]
[Round "2.6"]
[White "Xiao, Tong(Qd)"]
[Black "Mattenberger, Matthias"]
[Result "1-0"]
[TimeControl "2700+10"]
[WhiteElo "2128"]
[BlackElo "2276"]

1. e4 c5 2. Nf3 d6 3. d4 cxd4 4. Nxd4 Nf6 5. Nc3 a6 6. Qd3 Nbd7 7. Be2 b5 8. b4 Bb7 9. O-O g6 10. a4 bxa4 11. Rxa4 Ne5 12.
Qe3 h5 13. Nd5 Nxd5 14. exd5 Bxd5 15. Bxa6 Bg7 16. Ra5 Rxa6 17. Rxa6 Qc8 18. b5 Ng4 19. Qd3 Ne5 20. Qd1 O-O 21.
Nf5 Qxf5 22. Qxd5 Qxc2 23. Ra8 Nd3 24. Be3 Nb4 25. Rxf8+ Bxf8 26. Qa8 1-0

[Event "FIDE U16 Olympiad_boards_1-80"]
[Site "Eindhoven, Netherlands"]
[Date "2023.08.14"]
[Round "2.7"]
[White "Manko, Mariia"]
[Black "Kong, Xiangrui"]
[Result "1/2-1/2"]
[TimeControl "2700+10"]
[WhiteElo "1912"]
[BlackElo "2381"]

1. d4 d5 2. c4 c6 3. Nf3 Nf6 4. g3 dxc4 5. Bg2 b5 6. O-O e6 7. a4 Bb7 8. b3 cxb3 9. Qxb3 a6 10.
Ne5 Be7 11. axb5 axb5 12. Rxa8 Bxa8 13. Qa2 Bb7 14. Qa7 Qc8 15. Ba3 b4 16. Bb2 O-O 17. Rc1 Nd5 18. Nc4 Nd7 19. e4 N5f6 20.
Na5 Ba8 21. Nd2 c5 22. Nab3 c4 23. Rxc4 Qd8 24. Na5 Qb8 25. Qxb8 Rxb8 26. Nc6 Bxc6 27. Rxc6 Nb6 28. Rc7 Kf8 29.
Nb3 Ra8 30. Rb7 Na4 31. Bc1 Nc3 32. e5 Ne2+ 33. Kf1 Nxc1 34. exf6 gxf6 35. Rc7 Nxb3 36. Bxa8 Nxd4 37. g4 f5 38. gxf5 Nxf5 39. Be4 Nd4 40.
Rb7 f5 41. Bd3 e5 42. Rb8+ Kg7 43. Bc4 e4 44. Rb7 Kf6 45. h4 f4 46. Rb6+ Ke5 47. Rh6 Nf5 48. Rxh7 Bxh4 49. Rd7 e3 50. Rd5+ Kf6 51. Bd3 Ne7 52.
Rd4 Bxf2 53. Rxf4+ Ke5 54. Rxb4 Nc6 55. Re4+ Kd5 56. Rf4 Ne5 57. Be4+ Ke6 58. Rxf2 1/2-1/2

[Event "FIDE U16 Olympiad_boards_1-80"]
[Site "Eindhoven, Netherlands"]
[Date "2023.08.14"]
[Round "2.8"]
[White "Lu, Miaoyi"]
[Black "Rappazzo, Johannes"]
[Result "1-0"]
[TimeControl "2700+10"]
[WhiteElo "2170"]
[BlackElo "1776"]

1. e4 c5 2. Nf3 d6 3. d4 cxd4 4.
Nxd4 Nf6 5. Nc3 a6 6. a4 e5 7. Nf3 Be7 8. Bg5 Be6 9.
Bxf6 Bxf6 10. Nd5 Nd7 11. Bc4 Rc8 12. b3 Nb6 13. Nxf6+ Qxf6 14. Bxe6 Qxe6 15. O-O O-O 16. Re1 Rc3 17. Nd2 Rfc8 18. a5 Na8 19.
Nc4 Nc7 20. Qxd6 Rxc2 21. Qd3 Rxc4 22. bxc4 Qe7 23. Rab1 Ne6 24. Qd5 Rc7 25. Qxe5 f6 26. Qc3 Qc5 27. e5 Nd4 28. exf6 gxf6 29.
Rbd1 Rd7 30. Qe3 1-0

[Event "FIDE U16 Olympiad_boards_1-80"]
[Site "Eindhoven, Netherlands"]
[Date "2023.08.14"]
[Round "2.9"]
[White "Savicevs, Arsenijs"]
[Black "Han, Yichen"]
[Result "1-0"]
[TimeControl "2700+10"]
[WhiteElo "2136"]
[BlackElo "2398"]

1. e4 c6 2. d4 d5 3. e5 Bf5 4.
Nf3 e6 5. Be2 c5 6. c3 Nc6 7. O-O Qb6 8. dxc5 Bxc5 9. b4 Be7 10. Be3 Qc7 11. b5 Na5 12. Qa4 b6 13. c4 dxc4 14.
Nbd2 Nh6 15. Nxc4 Nxc4 16. Rac1 Nb2 17. Qb3 Qb7 18.
Qxb2 O-O 19. Nd2 Rad8 20. Bf3 Qb8 21. Ne4 Bg6 22. Nf6+ Kh8 23.
Bc6 gxf6 24. Bxh6 Rg8 25. exf6 Bf8 26. Bg7+ Bxg7 27. fxg7+ Rxg7 28. Rfd1 Rxd1+ 29. Rxd1 e5 30. Rd5 f6 31. Qd2 Rg8 32. Rd7 Bf5 33.
Rf7 Rd8 34. Qe2 Qd6 35. h3 a6 36. Qf3 Qe6 37. Ra7 axb5 38. Be4 Bxe4 39. Qxe4 Rd7 40. Qa8+ Kg7 41. Qc8 Rxa7 42. Qxe6 b4 43. Qg4+ Kh6 44. Qg8 Ra4 45. Qf8+ Kg5 46.
Qg7+ Kh5 47. Qxh7+ Kg5 48. h4+ Kg4 49. Qd7+ 1-0

[Event "FIDE U16 Olympiad_boards_1-80"]
[Site "Eindhoven, Netherlands"]
[Date "2023.08.14"]
[Round "2.10"]
[White "De Winter, Arthur"]
[Black "Adamovics, Aleksejs"]
[Result "1-0"]
[TimeControl "2700+10"]
[WhiteElo "2360"]
[BlackElo "2000"]

1. e4 c5 2. Nf3 Nc6 3. d4 cxd4 4. Nxd4 g6 5. c4 Nf6 6. Nc3 d6 7. f3 Nxd4 8. Qxd4 Bg7 9. Be3 O-O 10.
Qd2 Be6 11. Rc1 Qa5 12. b3 Rac8 13. Bd3 Rfe8 14. Nd5 Qxd2+ 15. Kxd2 Nxd5 16. exd5 Bd7 17. h4 a6 18. h5 b5 19.
h6 Bh8 20. b4 bxc4 21. Rxc4 Rb8 22. Rc7 Red8 23. Rb1 Bb5 24. a4 Bxa4 25. Bxa6 Bb5 26. Bb7 Rd7 27. Rxd7 Bxd7 28. Bc6 Bf5 29.
Rb3 e6 30. g4 exd5 31. gxf5 d4 32.
Bf4 gxf5 33. Bxd6 Rd8 34. Bf4 d3 35. Rxd3 Rc8 36. b5 Bf6 37. Ra3 Rd8+ 38. Kc2 Bd4 39. Bc7 Rc8 40. Ra8 Rxa8 41.
Bxa8 f4 42. b6 f5 43. b7 Ba7 44. b8=Q+ Bxb8 45. Bxb8 Kf7 46. Bxf4 Kg6 47. Bd5 Kh5 48. Bg8 Kg6 49. Kd3 Kf6 50. Bxh7 Kf7 51. Bxf5 Kg8 52. h7+ Kf7 53.
h8=Q 1-0

[Event "FIDE U16 Olympiad_boards_1-80"]
[Site "Eindhoven, Netherlands"]
[Date "2023.08.14"]
[Round "2.11"]
[White "Vingris, Mikelis"]
[Black "Kumar, Prajit Sai"]
[Result "1/2-1/2"]
[TimeControl "2700+10"]
[WhiteElo "2031"]
[BlackElo "2160"]

1. e4 c5 2. Nf3 Nc6 3. d4 cxd4 4. Nxd4 Nf6 5. Nc3 d6 6. Be2 e5 7. Nf3 h6 8. O-O Be7 9. h3 Be6 10.
Re1 O-O 11. Bf1 Qa5 12. Nd2 d5 13. exd5 Nxd5 14. Nc4 Nxc3 15. Nxa5 Nxd1 16. Nxc6 bxc6 17. Rxd1 Rab8 18. b3 Rfd8 19.
Bb2 f6 20. Be2 e4 21. Bd4 c5 22. Be3 g5 23. g4 Kf7 24. Kg2 f5 25. gxf5 Bxf5 26. Rxd8 Rxd8 27. Rd1 Rxd1 28. Bxd1 Ke6 29.
Be2 Kd6 30. a3 Kc6 31. Bc4 Bd6 32. Bf7 Bf4 33. Be8+ Kb6 34. Bf7 Kc6 35. Be8+ Kb6 36. Bf7 1/2-1/2

[Event "FIDE U16 Olympiad_boards_1-80"]
[Site "Eindhoven, Netherlands"]
[Date "2023.08.14"]
[Round "2.12"]
[White "Verheij, Dana"]
[Black "Ter-Avetisjana, Agnesa Stepania"]
[Result "1-0"]
[TimeControl "2700+10"]
[WhiteElo "1829"]
[BlackElo "1889"]

1. e4 c6 2. d4 d5 3.
exd5 cxd5 4. Nf3 Nc6 5. Ne5 e6 6. Bb5 Bd7 7. Nxd7 Qxd7 8. c3 Bd6 9. O-O Nf6 10. Nd2 O-O 11. Re1 Qc7 12. Nf1 Rae8 13. Bd3 e5 14.
Bg5 e4 15. Bxf6 gxf6 16. Bc2 Kh8 17. Bb3 Ne7 18. Qh5 Qd7 19. Re3 Rg8 20. Qxf7 Ref8 21. Qh5 Rg5 22. Qd1 Nf5 23. Rh3 Nxd4 24.
Kh1 Nxb3 25. axb3 Rfg8 26. Ng3 Bc5 27. Qd2 Qe6 28. Re1 f5 29. Rh5 h6 30. h4 Rxh5 31. Nxh5 Rg4 32. g3 d4 33.
cxd4 Bd6 34. d5 Qe5 35. Qxh6+ Kg8 36.
Nf6+ Kf7 37. Nxg4 fxg4 38. Qh7+ Kf6 39. Qxe4 Qxe4+ 40. Rxe4 Kf5 41. Re1 Bc5 42. Kg2 b6 43. Rd1 Ke5 44. h5 Bf8 45. d6 Bxd6 46. Rxd6 Kd5 1-0

[Event "FIDE U16 Olympiad_boards_1-80"]
[Site "Eindhoven, Netherlands"]
[Date "2023.08.14"]
[Round "2.13"]
[White "Gaal, Zsoka"]
[Black "Smeets, Kobe"]
[Result "1-0"]
[TimeControl "2700+10"]
[WhiteElo "2254"]
[BlackElo "2193"]

1. Nf3 d5 2. g3 Nd7 3. d4 Nb6 4. Nc3 Nf6 5. Bg2 Bf5 6. a4 a5 7. Nh4 Bg4 8. Qd3 e6 9. e4 Be7 10.
exd5 Nfxd5 11. Nxd5 exd5 12. Nf5 O-O 13. O-O Bf6 14. c3 Qd7 15. Ne3 Bh3 16. Bxh3 Qxh3 17. Qb5 Rfd8 18. Re1 h5 19.
b3 g6 20. Ng2 Qd7 21. Qxd7 Nxd7 22. Nf4 c6 23. h4 Re8 24. Ba3 Bg7 25. Bd6 Bf8 26. Bxf8 Kxf8 27. f3 Re7 28. Kf2 Rae8 29.
Rxe7 Rxe7 30. Rb1 Nb6 31. Nd3 Ke8 32. Nc5 Kd8 33. g4 hxg4 34. fxg4 Kc7 35. h5 gxh5 36. gxh5 Re8 37. Re1 Rh8 38.
Re7+ Kd8 39. Rxb7 Nc8 40. Rxf7 Rxh5 41. Ne6+ Ke8 42. Rf8+ Kd7 43. Nc5+ Kc7 44. Rf7+ Kb8 45. Rb7+ Ka8 46. Rc7 Na7 47. Ke3 Rh3+ 48.
Kf4 Rxc3 49. Ke5 Kb8 50. Rb7+ Ka8 51. Rh7 Kb8 52. Kd6 Rg3 53. Na6+ Ka8 54. Rh8+ Kb7 55. Nc5+ 1-0

[Event "FIDE U16 Olympiad_boards_1-80"]
[Site "Eindhoven, Netherlands"]
[Date "2023.08.14"]
[Round "2.14"]
[White "Labruyere, Roger"]
[Black "Palczert, Matyas"]
[Result "0-1"]
[TimeControl "2700+10"]
[WhiteElo "2181"]
[BlackElo "2163"]

1. e4 c5 2. Nf3 d6 3. Bb5+ Bd7 4. Bxd7+ Qxd7 5. c4 e5 6. Nc3 g6 7. d3 Bg7 8. O-O Ne7 9. Bg5 Nbc6 10.
Bxe7 Nxe7 11. Ne1 O-O 12. Nc2 f5 13. f3 Rab8 14. Ne3 a6 15. Ned5 Nc6 16. Qa4 Kh8 17. a3 f4 18. b4 g5 19.
h3 h5 20. Ne2 g4 21. hxg4 hxg4 22. Kf2 g3+ 23. Ke1 Bf6 24. b5 Nd8 25. Kd2 Ne6 26. Rab1 Kg7 27. Qb3 a5 28. b6 Ra8 29.
Qc3 Rh8 30. Rh1 a4 31. Qc2 Bg5 32. Ndc3 Rxh1 33. Rxh1 Bd8 34. Nd5 Ra6 35. Qb2 Qc6 36. Rb1 Kf7 37. Qb5 Qxb5 38. Rxb5 Ke8 39.
Nec3 Kd7 40. Kd1 Kc6 41. Rb2 Nd4 42. Rb1 Bxb6 43. Ne7+ Kd7 44. Ncd5 Nb3 45. Kc2 Bd8 46. Nf5 Nd4+ 47. Nxd4 cxd4 48. Rxb7+ Kc8 49.
Rh7 Kb8 50. Nb4 Rb6 51. Rh8 Kc8 52. Rh7 Rb7 53. Rh5 Ba5 54.
Rh8+ Kd7 55. Rh7+ Kc8 56. Rxb7 Kxb7 57. Nd5 Kc6 58.
Ne7+ Kd7 59. Ng6 Bd8 60. c5 Kc6 61. Nf8 dxc5 62. Ne6 Be7 63. Ng7 Kb5 64. Ne6 Kc6 65. Kb2 Bf6 66. Nf8 Kd6 67.
Ng6 Ke6 0-1

[Event "FIDE U16 Olympiad_boards_1-80"]
[Site "Eindhoven, Netherlands"]
[Date "2023.08.14"]
[Round "2.15"]
[White "Kolimar, Kristof Pal"]
[Black "Arnold, Rhys"]
[Result "1/2-1/2"]
[TimeControl "2700+10"]
[WhiteElo "2182"]
[BlackElo "1803"]

1. Nf3 d5 2. d4 e6 3. g3 Nf6 4.
Bg2 b5 5. O-O Bd6 6. a4 b4 7. Ne5 Bb7 8. c4 bxc3 9. Nxc3 Nbd7 10. Nc4 Bb4 11. Na2 Be7 12. Na5 Rb8 13. Nxb7 Rxb7 14. Qc2 Qb8 15. Rb1 O-O 16.
b4 Nb6 17. b5 Rd8 18. Nb4 Bxb4 19. Rxb4 Nbd7 20. Bf4 a6 21. Rfb1 Rc8 22. Qd3 axb5 23. Rxb5 Rxb5 24. axb5 Qb6 25.
Rc1 c6 26. bxc6 Rxc6 1/2-1/2

[Event "FIDE U16 Olympiad_boards_1-80"]
[Site "Eindhoven, Netherlands"]
[Date "2023.08.14"]
[Round "2.16"]
[White "Gergin, Isafara"]
[Black "Giang, Tran Nam"]
[Result "0-1"]
[TimeControl "2700+10"]
[WhiteElo "1751"]
[BlackElo "2098"]

1. e4 c5 2. Nf3 Nf6 3. Nc3 d5 4.
exd5 Nxd5 5. d4 Nxc3 6. bxc3 g6 7. Bb5+ Bd7 8. Bxd7+ Nxd7 9. O-O Bg7 10. Be3 O-O 11. Qd2 Qa5 12.
Bh6 Rfd8 13. Bxg7 Kxg7 14. Qe3 e6 15. Rfd1 cxd4 16. cxd4 Rac8 17. Qe4 b6 18. Qe2 Rc3 19. Rd3 Rdc8 20.
Rxc3 Qxc3 21. Rc1 Qb2 22. Qd1 Qxa2 23. c3 Qd5 24. h3 a5 25. Qa4 Rc4 26. Qa3 Nf6 27. Ne5 Rc7 28. Rb1 Qe4 29. Rc1 Nd5 30. Nf3 Nf4 31. Re1 Qc6 32. Re3 a4 33.
Qb2 Ra7 34. Qa3 Qb5 35. Kh2 Qf1 36.
Nh4 Qxf2 37. Rf3 Qxh4 0-1

[Event "FIDE U16 Olympiad_boards_1-80"]
[Site "Eindhoven, Netherlands"]
[Date "2023.08.14"]
[Round "2.17"]
[White "Kanov, Nikola"]
[Black "Begmuratov, Khumoyun"]
[Result "1-0"]
[TimeControl "2700+10"]
[WhiteElo "2283"]
[BlackElo "2270"]

1. e4 c5 2. Nf3 d6 3. d4 cxd4 4. Nxd4 Nf6 5. Nc3 a6 6. Be3 e5 7. Nb3 Be6 8. h3 Be7 9. f4 exf4 10.
Bxf4 O-O 11. Qe2 Nc6 12. O-O-O Qc7 13. g4 Ne5 14. Nd4 Rfc8 15. Nf5 Bf8 16. g5 Nfd7 17. Nd5 Bxd5 18. Rxd5 Nb6 19.
Rd4 Nbc4 20. Bxe5 Nxe5 21. Ne3 Nc6 22. Rd1 Qa5 23. Qf2 Qxa2 24. Bc4 Qa1+ 25. Kd2 Qa5+ 26. Ke2 Ne5 27. Rd5 Qb4 28. Bb3 Rc7 29. Rhd1 Qxe4 30. R5d4 Qg6 31. Rf4 Qh5+ 32. Ke1 Re8 33.
Kd2 d5 34. Nxd5 Rd8 35. Kc1 Rcd7 36. h4 a5 37. Rf5 Bd6 38. Rg1 Kh8 39. Kb1 b5 40. g6 Qh6 41. gxf7 Rf8 42. Nf4 g6 43.
Rf6 a4 44. Be6 Be7 45. Bxd7 Bxf6 46. Be8 Nxf7 47. Ne6 Rxe8 48. Qxf6+ Kg8 49. Rf1 Nh8 50. h5 a3 51. bxa3 Rb8 52. Qe7 Ra8 53. Nd8 1-0

[Event "FIDE U16 Olympiad_boards_1-80"]
[Site "Eindhoven, Netherlands"]
[Date "2023.08.14"]
[Round "2.18"]
[White "Bakhrillaev, Bakhrom"]
[Black "Georgiev, Konstantin"]
[Result "1-0"]
[TimeControl "2700+10"]
[WhiteElo "2144"]
[BlackElo "1995"]

1. d4 Nf6 2. c4 e6 3. Nc3 Bb4 4. e3 b6 5. Bd2 Bb7 6.
Nf3 Bxc3 7. Bxc3 Ne4 8. Bb4 d6 9. Bd3 Nd7 10. O-O O-O 11. Nd2 Nxd2 12. Qxd2 Qe7 13. Rae1 a5 14. Bc3 e5 15.
f4 e4 16. Be2 d5 17. Rc1 Rfd8 18. b3 f5 19. Kh1 Qe6 20. Rg1 Nf6 21. h3 Ba6 22. Bb2 h5 23. cxd5 Nxd5 24. Bxh5 Rac8 25.
a3 c5 26. Rgd1 c4 27. bxc4 Bxc4 28. Be2 Bb3 29. Re1 Qd7 30. g4 Nf6 31. gxf5 Qxf5 32. Kh2 Be6 33. Bf1 Kf7 34. Rxc8 Rxc8 35. Rc1 Rh8 36. Rc7+ Kf8 37. Qg2 Rh7 38. Kg1 Nd5 39.
Rb7 Nxe3 40. Rb8+ Ke7 41. Rb7+ Kd8 42. Qg5+ Qxg5+ 43. fxg5 Nxf1 44. Kxf1
Rxh3 45. Rxb6 Bc4+ 46. Kg2 Rh5 47. Bc1 Rh4 48. Rg6 Be2 49.
Rxg7 Bf3+ 50. Kf2 Rh2+ 51. Kg3 Rg2+ 52. Kf4 Rc2 53.
Be3 Ke8 54. Ra7 Rc6 55. d5 Rd6 56. Rxa5 Kf7 57. Kf5 Bg2 58. g6+ Kg8 59. Ra8+ Kg7 60. Bd4+ 1-0

[Event "FIDE U16 Olympiad_boards_1-80"]
[Site "Eindhoven, Netherlands"]
[Date "2023.08.14"]
[Round "2.19"]
[White "Todev, Simeon"]
[Black "Omonov, Asrorjon"]
[Result "1-0"]
[TimeControl "2700+10"]
[WhiteElo "1932"]
[BlackElo "2051"]

1. e4 c6 2. d4 d5 3. e5 c5 4. c3 Nc6 5. Nf3 Bg4 6. Be2 e6 7. Be3 g6 8. Qd2 Bg7 9. Na3 a6 10.
O-O Nge7 11. Nc2 O-O 12. b4 cxd4 13. cxd4 Nf5 14. h3 Bxf3 15. Bxf3 f6 16. exf6 Qxf6 17. Rfe1 Rae8 18. Rad1 Nd6 19.
Bg5 Qf7 20. Bh6 Nc4 21. Qc1 b5 22. Bxg7 Qxg7 23. Qg5 Qf7 24. Re2 Nd6 25. Qe3 Nc4 26. Qc3 Ne7 27. Ne3 Nf5 28. Nxf5 Qxf5 29.
Rde1 Kg7 30. Bg4 Qf6 31.
Bxe6 Rd8 32. Bg4 Nd6 33. Bf3 Nf5 34. Re5 Nh4 35. R1e3 Rd7 36. Qe1 Rdf7 37. Rxd5 Nf5 38. Re6 Qh4 39.
Re4 Qh6 40. Bg4 Rc8 41. Rc5 Rd8 42. Bxf5 gxf5 43. Re7 Rd7 44. Rxd7 Rxd7 45. Rxf5 Qg6 46. Qe5+ Kg8 47. Rg5 1-0

[Event "FIDE U16 Olympiad_boards_1-80"]
[Site "Eindhoven, Netherlands"]
[Date "2023.08.14"]
[Round "2.20"]
[White "Khamdamova, Afruza"]
[Black "Karaivanova, Petya"]
[Result "1-0"]
[TimeControl "2700+10"]
[WhiteElo "2112"]
[BlackElo "1680"]

1. e4 e5 2. Nf3 Nc6 3. Bb5 a6 4. Ba4 d6 5. O-O Bd7 6. c3 g6 7. d4 Bg7 8. Re1 Nge7 9. Be3 O-O 10.
Nbd2 h6 11. h3 Kh7 12. Bc2 f5 13. exf5 Nxf5 14. dxe5 Nxe5 15. Bf4 Nxf3+ 16. Nxf3 Nh4 17. Nxh4 Qxh4 18. Bg3 Qf6 19. Be4 Rab8 20.
Re3 Qg5 21. h4 Qb5 22. h5 Bf5 23. hxg6+ Bxg6 24. Bxg6+ Kxg6 25. Re7 Qf5 26. Rxc7 Be5 27. Bxe5 dxe5 28. Qe2 e4 29. Rd1 Rbd8 30.
Rxd8 Rxd8 31. Rxb7 Rd6 32. Re7 e3 33. Rxe3 Qb1+ 34. Kh2 Qxa2 35. Qg4+ Kf7 36. Qf4+ Rf6 37. Qc7+ Kg6 38. Rg3+ Kf5 39.
Qc5+ Ke6 40. Re3+ Kf7 41. Qe7+ Kg6 42. Rg3+ 1-0

[Event "FIDE U16 Olympiad_boards_1-80"]
[Site "Eindhoven, Netherlands"]
[Date "2023.08.14"]
[Round "2.21"]
[White "Samadov, Read"]
[Black "Suleimen, Ergali"]
[Result "1-0"]
[TimeControl "2700+10"]
[WhiteElo "2355"]
[BlackElo "2095"]

1. Nf3 Nf6 2. c4 g6 3. Nc3 d5 4. cxd5 Nxd5 5. h4 h5 6. e4 Nxc3 7. bxc3 Bg7 8. Be2 c5 9. d4 Nc6 10.
d5 Bxc3+ 11. Bd2 Bxa1 12. Qxa1 Nd4 13. Nxd4 cxd4 14. Qxd4 O-O 15. O-O Qb6 16. Qe5 Qf6 17. Qg3 Qd4 18.
Bh6 Qxe4 19. Bd3 Qxd5 20. Bxg6 Bg4 21. Bb1 Qd4 22. Kh1 Kh8 23. f3 Rg8 24. fxg4 Rxg4 25. Be3 Qd5 26. Qf2 Rag8 27.
Bg5 f6 28. Bxf6+ exf6 29. Qxf6+ 1-0

[Event "FIDE U16 Olympiad_boards_1-80"]
[Site "Eindhoven, Netherlands"]
[Date "2023.08.14"]
[Round "2.22"]
[White "Nurgaliyev, Sauat"]
[Black "Ahmad, Khagan"]
[Result "1-0"]
[TimeControl "2700+10"]
[WhiteElo "2062"]
[BlackElo "2163"]

1. Nf3 c5 2. g3 Nf6 3. Bg2 g6 4. O-O Bg7 5. c3 d5 6. d4 cxd4 7. cxd4 O-O 8. Ne5 Ne4 9. Nc3 Nxc3 10. bxc3 Nc6 11. Nxc6 bxc6 12. Qa4 Bd7 13. Ba3 Re8 14. Bc5 e5 15.
Rfe1 e4 16. e3 h5 17. Rab1 Qc8 18. Qb4 Bg4 19. Qb7 Qf5 20. Qxc6 Bf3 21. Bf1 h4 22. c4 dxc4 23. Bxc4 hxg3 24.
fxg3 Qh3 25. Rb2 Rab8 26. Rf2 Qh5 27. Qd5 Qxd5 28. Bxd5 Bh6 29. Bxa7 Rbc8 30. Bc5 Re5 31. Rxf3 Rxd5 32. Rf2 Ra8 33. Rb2 Rf5 34. Ree2 Rf3 35. Rb3 g5 36. d5 Rf5 37.
Rd2 Rd8 38. Rb4 Rc8 39. Be7 Rc1+ 40. Kg2 Rff1 41. Rxe4 f5 42. Rc4 Rce1 43. Bxg5 Bxg5 44. d6 Rg1+ 45. Kh3 Rxe3 46. d7 Re6 47. d8=Q+ Bxd8 48. Rxd8+ Kf7 49. Rc7+ Kf6 50. Rf8+ Kg6 51. Rg8+ Kf6 52. Rc5 Re2 53.
Rf8+ Kg7 54. Rfxf5 Rgg2 55. a4 Rxh2+ 56. Kg4 Re4+ 57. Rf4 Re3 58. Rc7+ Kg6 59. Rb4 Re6 60. a5 Ra2 61. Rb6 Kf6 62. Rxe6+ Kxe6 63. Ra7 Rb2 64.
Ra6+ Kd7 65. Kh4 Rh2+ 66. Kg5 Rh8 67. g4 Rg8+ 68. Rg6 Rb8 69. Kh6 Ke7 70. a6 Rb4 71. a7 Ra4 72. Rg8 Ra6+ 73. Kh5 Ra5+ 74. g5 1-0

[Event "FIDE U16 Olympiad_boards_1-80"]
[Site "Eindhoven, Netherlands"]
[Date "2023.08.14"]
[Round "2.23"]
[White "Azadaliyev, Jahandar"]
[Black "Moldagali, Beksultan"]
[Result "0-1"]
[TimeControl "2700+10"]
[WhiteElo "2156"]
[BlackElo "1883"]

1. d4 d5 2. c4 e6 3. Nc3 a6 4. cxd5 exd5 5. Nf3 c6 6. Bg5 Be7 7. h4 h6 8. Bf4 Bd6 9. Qd2 Bf5 10.
Bxd6 Qxd6 11. Ne5 Nd7 12. Qf4 Ne7 13. e3 Qb4 14. O-O-O Nxe5 15. Qxe5 f6 16. Qf4 O-O-O 17. g4 Bg6 18.
Bh3 Qd6 19. Qxd6 Rxd6 20. Rdg1 Kc7 21. Kd2 Be4 22. Bg2 Bxg2 23. Rxg2 g6 24. Ne2 b6 25. Rgh2 c5 26. Rh3 Kd7 27. Rf3 Nc6 28. Nf4 Rg8 29.
dxc5 bxc5 30. Nd3 c4 31. Nc5+ Ke7 32. g5 fxg5 33. hxg5 h5 34. Rh4 Ne5 35. Rff4 Rc8 36. Na4 Nf7 37. Nc3 Nxg5 38. Rh1 Nf7 39.
Rfh4 Nh6 40. Rg1 Nf5 41. Rf4 Rcd8 42. Ne2 Rh8 43. Kc3 h4 44. e4 dxe4 45. Rxe4+ Kf7 46. Rxc4 Rhd8 47. Nf4 Nd4 48. Rg4 Nf3 49.
Rc7+ Kf6 50. Rxg6+ Kf5 51. Rf7+ Ke5 52. Rxd6 Kxd6 53. Ng6 Rc8+ 54. Kd3 Ne1+ 55. Kd2 Ng2 56. Rh7 Rc4 57. Rh6 Kc5 58. Rh5+ Kd6 59. Kd3 Rg4 60.
Rh6 Kc5 61. f3 Rxg6 62. Rh5+ Kc6 63. Ke4 Rf6 64. Rg5 Nf4 65. Rg1 Ne6 66. Rh1 Rh6 67. f4 Kd6 68. f5 Ng5+ 69. Kf4 Nf7 70. Rh3 Ke7 71. b4 Kf6 72.
a4 Rh5 73. Kg4 Rg5+ 74. Kxh4 Rxf5 75. Rb3 Nd6 76. Kg4 Rd5 77. b5 a5 78. b6 Nb7 79. Kf3 Ke6 80. Rc3 Rc5 81. Rxc5 Nxc5 82. Ke3 Kd5 83. Kd2 Kc6 84. Kc3 Nxa4+ 85. Kb3 Nxb6 86. Kb2 Kb5 87. Kb3 a4+ 88. Kc2 Kb4 89. Kb1 Nd5 90. Kc2 Ne3+ 91.
Kb1 Kb3 0-1